 Dungeon Crawl Stone Soup version 0.29.1-1-gd02db69 (webtiles) character file.

Game seed: 11628058471132355953

2330 Timinator the Insei (level 9, -7/71 HPs)
             Began as a Demigod Transmuter on Jan 4, 2023.
             Mangled by a hornet (12 damage)
             ... on level 7 of the Dungeon.
             The game lasted 00:29:36 (9398 turns).

Timinator the Insei (Demigod Transmuter)            Turns: 9398, Time: 00:29:36

Health: -7/71      AC:  6    Str: 15    XL:     9   Next: 0%
Magic:  26/26      EV: 17    Int: 15    God:
Gold:   357        SH:  0    Dex: 22    Spells: 7/14 levels left

rFire   + + .      SeeInvis .     - Unarmed
rCold   + . .      Faith    .   (no shield)
rNeg    + . .      Spirit   .   d - +0 ring mail
rPois   +          Reflect  .   (helmet currently unavailable)
rElec   +          Harm     .   (no cloak)
rCorr   +          Rampage  .   u - +0 pair of gloves
Will    +....                   (boots currently unavailable)
Stlth   +.........              (no amulet)
HPRegen 0.21/turn               i - +4 ring of evasion
MPRegen 0.20/turn               a - ring "Filuw" {rF+ rN+ Will+ MP+9}

@: lethally poisoned (-7 -> -9), about to teleport, appendages, resistant,
wereblooded
A: horns 2, talons 2, high MP 1, forlorn, divine attributes
a: End Transformation


You were on level 7 of the Dungeon.
You had temporarily grown beastly horns and talons.
You visited 1 branch of the dungeon, and saw 7 of its levels.
You also visited: Sewer.

You collected 357 gold pieces.

Inventory:

Missiles
 p - 4 throwing nets
 w - 20 poisoned darts
Armour
 d - a +0 ring mail (worn)
 f - a +0 robe of positive energy
 q - a +1 helmet (melded)
 u - a +0 pair of gloves (worn)
Jewellery
 a - the ring "Filuw" (right hand) {rF+ rN+ Will+ MP+9}
   (You acquired it on level 6 of the Dungeon)

   [ring of magical power]

   rF:        It protects you from fire.
   rN:        It protects you from negative energy.
   MP:        It affects your magic capacity (+9).
   Will:      It increases your willpower.
 c - a ring of ice
 i - a +4 ring of evasion (left hand)
 s - a ring of see invisible
Wands
 l - a wand of flame (6)
 B - a wand of charming (14)
 D - a wand of quicksilver (2)
Scrolls
 g - a scroll of enchant weapon
 m - a scroll of blinking
 n - a scroll of teleportation
 y - a scroll of immolation
Potions
 h - 2 potions of brilliance
 x - 2 potions of flight
 A - a potion of mutation


   Skills:
 * Level 4.0 Fighting
 - Level 3.0 Armour
 * Level 4.7 Dodging
 + Level 7.3 Unarmed Combat
 + Level 3.3 Spellcasting
 * Level 4.2 Transmutations
 * Level 2.4 Ice Magic


You had 7 spell levels left.
You knew the following spells:

 Your Spells              Type           Power      Damage    Failure   Level
a - Beastly Appendage     Tmut           30%        N/A       6%          1
b - Wereblood             Tmut           15%        N/A       10%         2
c - Ice Form              Ice/Tmut       12%        N/A       67%         4

Your spell library contained the following spells:

 Spells                   Type           Power      Damage    Failure   Level
 Passwall                 Tmut/Erth      6%         N/A       24%         2
 Apportation              Tloc           4%         N/A       36%         1
 Sandblast                Erth           4%         2d4       36%         1
 Spider Form              Tmut/Pois      8%         N/A       43%         3
 Gell's Gravitas          Tloc           2%         N/A       75%         3
 Stone Arrow              Conj/Erth      4%         3d7       75%         3
 Teleport Other           Tloc           2%         N/A       75%         3
 Alistair's Intoxication  Tmut/Pois      5%         N/A       99%         5
 Dispersal                Tloc           1%         N/A       100%        6


Dungeon Overview and Level Annotations

Branches:
Dungeon (7/15)             Temple (0/1) D:5           Sewer (visited)

Shops:
D:5 :

Annotations:
D:6 1 runed translucent door, Crazy Yiuf


Innate Abilities, Weirdness & Mutations

You have temporarily grown beastly horns and talons.
You have an increased reservoir of magic. (+10% MP)
You shall have no god before yourself.
Your divine heritage dramatically boosts your attributes as you level up.


Message History

You hit the hornet but do no damage. Your kick misses the hornet.
The hornet is moderately wounded.
You feel very sick. The hornet barely misses you. The hornet stings you.
You are more poisoned.
You feel as though you will be slow longer.
You hit the hornet.
The hornet is heavily wounded.
You feel very sick.
The hornet looks more healthy.
The hornet misses you.
The hornet stings you but does no damage.
You feel protected.
You feel yourself speed up.
You feel very sick. The hornet stings you!
* * * LOW HITPOINT WARNING * * *
You feel yourself slow down. The hornet misses you.
Okay, then.
The air fills with toxic fumes!
As you read the scroll of poison, it crumbles to dust.
* * * LOW HITPOINT WARNING * * *
You feel very sick.
The hornet stings you but does no damage.
The hornet completely misses you.
Blink to where?
Press: ? - help, Dir - move target, p - hornet
Okay, then.
You hit the hornet but do no damage. Your kick misses the hornet.
Your headbutt misses the hornet.
The hornet is heavily wounded.
You feel sick. The hornet closely misses you. The hornet misses you.
Press: ? - help, v - describe, . - travel The floor.
There is a cloud of poison gas here.
Okay, then.
As you read the scroll of teleportation, it crumbles to dust.
You feel strangely unstable.
You feel yourself speed up.
You feel sick. The hornet completely misses you. The hornet misses you.
You feel sick. The hornet barely misses you. The hornet stings you!
You die...

#.# #§# # #§# .#
#§## #. #§§ ..
#§# .# # #
##§##§#§#..
##§§§§§☼☼§#.
#.####§@#........
#§§§§§§y§§☼§§#.#.
########§##§##
#(..§# .# #.##§§
.# ....(.. # .§§§
. ..... _§§§_.
..... ..§§§§. ...
_..⌠.._. ...


You could see a hornet.

Vanquished Creatures
  Grinder (D:6)
  A water moccasin (D:6)
  3 orc warriors
  3 sky beasts
  A black bear (D:5)
  An ogre (D:5)
  A centaur (D:7)
  2 kobold brigands (Sewer)
  2 jellies
  5 orc priests
  2 hounds
  2 gnoll boudas
  3 iguanas
  8 orc wizards
  A scorpion zombie (D:2)
  A hound skeleton (D:2)
  Robin (D:2)
  13 gnolls
  2 river rats
  9 adders
  A shadow imp (D:5)
  An ufetubus (D:6)
  4 dart slugs
  6 worms
  30 orcs
  8 ball pythons
  5 endoplasms
  7 giant cockroaches
  17 goblins
  9 hobgoblins
  9 jackals
  3 quokkas
  A ball python skeleton (D:2)
  A ball python zombie (D:2)
  6 bats
  2 frilled lizards (D:1)
  12 kobolds
  10 rats
194 creatures vanquished.

Vanquished Creatures (others)
  A withered plant (D:2)
1 creature vanquished.

Grand Total: 195 creatures vanquished

Notes
Turn   | Place    | Note
-------+----------+-------------------------------------------
     0 | D:1      | Timinator the Demigod Transmuter began the quest for the
                  | Orb.
     0 | D:1      | Reached XP level 1. HP: 15/15 MP: 5/5
   166 | D:1      | Reached skill level 1 in Fighting
   421 | D:1      | Reached XP level 2. HP: 20/23 MP: 5/7
   609 | D:1      | Reached skill level 3 in Unarmed Combat
  1402 | D:2      | Reached XP level 3. HP: 24/24 MP: 8/8
  1491 | D:2      | Noticed Robin
  1504 | D:2      | Reached skill level 1 in Armour
  1513 | D:2      | Killed Robin
  1862 | D:2      | Learned a level 2 spell: Wereblood
  1887 | D:2      | Reached XP level 4. HP: 33/34 MP: 7/9
  2637 | D:3      | Reached XP level 5. HP: 23/41 MP: 9/11
  2820 | D:3      | Noticed a water elemental
  2820 | D:3      | Noticed an air elemental
  2821 | D:3      | Noticed a fire elemental
  3645 | D:4      | Reached skill level 4 in Unarmed Combat
  3809 | D:4      | Found a glowing drain.
  3821 | D:4      | Reached XP level 6. HP: 48/48 MP: 12/12
  3834 | Sewer    | Entered a sewer
  4950 | D:4      | Reached skill level 5 in Unarmed Combat
  4959 | D:4      | Reached XP level 7. HP: 46/56 MP: 11/13
  5454 | D:5      | Entered Level 5 of the Dungeon
  6382 | D:5      | Reached skill level 6 in Unarmed Combat
  6499 | D:5      | Found Kewnyfid's Book Shop.
  6529 | D:5      | Learned a level 4 spell: Ice Form
  6699 | D:5      | Found a staircase to the Ecumenical Temple.
  7095 | D:6      | Reached XP level 8. HP: 57/63 MP: 15/15
  7172 | D:6      | Noticed Grinder
  7182 | D:6      | Paralysed by Grinder for 2 turns
  7350 | D:6      | Killed Grinder
  7351 | D:6      | Reached skill level 1 in Ice Magic
  7504 | D:6      | Found a runed translucent door.
  7505 | D:6      | Noticed Crazy Yiuf
  8414 | D:6      | Reached skill level 7 in Unarmed Combat
  9267 | D:6      | Identified a scroll of acquirement
  9267 | D:6      | Acquired the ring "Filuw" {rF+ rN+ Will+ MP+9}
  9321 | D:7      | Noticed a hornet
  9374 | D:7      | Reached XP level 9. HP: 61/71 MP: 17/17
  9398 | D:7      | Mangled by a hornet

Illustrated notes

Levels and vault maps discovered:
D:1:      shiori_shiawase, layout_loops_ring, ebering_ecumenical_altar_mist
D:2:      layout_loops_corners, serial_undead, serial_undead_d, serial_undead_e,
          serial_undead_f, serial_undead_f, grunt_ministairs_14,
          kennysheep_cluttered_room, uniq_robin
D:3:      layout_basic, nicolae_qazlal_style_of_elements
D:4:      layout_loops_cross, mainiacjoe_overflow_24_doors,
          mainiacjoe_overflow_alcove_2, portal_sewer_entry_a,
          grunt_ministairs_2, minivault_23, guppyfry_early_orc_mine
D:5:      layout_loops_cross, kennysheep_ying_yang, temple_statues,
          serial_shops, nicolae_shop_statue_plus
D:6:      layout_cave_pools, uniq_grinder, uniq_crazy_yiuf_cottage
D:7:      layout_loops_ring, grunt_temple_overflow_open, trog_book,
          uniq_menkaure

Skill      XL: |  1  2  3  4  5  6  7  8 |
---------------+-------------------------+-----
Fighting       | 1 2 3 4 |  4.0
Dodging        | 2 3 4 |  4.7
Transmutations | 2 3 4 |  4.2
Unarmed Combat | 3 4 5 6 7 |  7.3
Spellcasting   | 2 3 |  3.3
Armour         | 1 2 3 |  3.0
Ice Magic      | 2 |  2.4

Action                   |  1- 3 |  4- 6 |  7- 9 || total
-------------------------+-------+-------+-------++-------
Melee: Unarmed           |   127 |   299 |   381 ||   807
       Headbutt          |    18 |     9 |     1 ||    28
       Kick              |    27 |    17 |     8 ||    52
       Punch             |     3 |     4 |    13 ||    20
Throw: Dart              |       |       |     2 ||     2
 Cast: Beastly Appendage |    32 |    13 |     5 ||    50
       Wereblood         |       |    15 |    30 ||    45
Evoke: Wand              |       |       |     1 ||     1
  Use: Potion            |       |     2 |     8 ||    10
       Scroll            |       |    10 |    14 ||    24
Armor: Robe              |     2 |       |       ||     2
       Leather armour    |    17 |    61 |       ||    78
       Skin              |       |    27 |    19 ||    46
       Ring mail         |       |     1 |    85 ||    86
Dodge: Dodged            |    81 |   186 |   286 ||   553
